 Dungeon Crawl Stone Soup version 0.30-a0-799-g109b55a442 (webtiles) character file.

Game seed: 10141770685589053588

262977 Zenkrye the Tortoise (level 20, -3/166 HPs)
             Began as a Human Cinder Acolyte on Feb 17, 2023.
             Was a High Priest of Ignis.
             Slain by a spriggan berserker
             ... wielding a +0 antimagic war axe
              (22 damage)
             ... on level 3 of the Depths on Feb 20, 2023.
             The game lasted 02:53:23 (37187 turns).

Zenkrye the Tortoise (Human Cinder Acolyte)        Turns: 37187, Time: 02:53:24

Health: -3/166     AC: 36    Str: 29    XL:     20   Next: 82%
Magic:  0/24       EV: 14    Int: 18    God:    Ignis [*****.]
Gold:   548        SH: 14    Dex: 10    Spells: 12/25 levels left

rFire   + + +      SeeInvis +    Y - +3 Elemental Staff {rElec rF++ rC++ AC+5}
rCold   + + +      Faith    .    v - +2 kite shield {rF+}
rNeg    + . .      Spirit   .    I - +4 ice dragon scales
rPois   +          Reflect  .    w - +0 helmet
rElec   +          Harm     .    E - +0 cloak "Yqauchog" {+Inv rN+}
rCorr   .          Rampage  .    F - +2 pair of gloves of the Cicada {Regen+}
Will    ++...      Rage     3%   Z - +2 pair of boots of Valiance {Drain rPois Str+6} Stlth
                                 t - amulet of regeneration
HPRegen 2.07/turn                A - ring of Xom's Attic {rPois Str+4 SInv Stlth-}
MPRegen 0.19/turn                s - +4 ring of slaying

@: about to teleport, on berserk cooldown, slowed, very slow
A: hooves 1, berserk 1, strong-willed 1
}: 2/15 runes: decaying, gossamer
a: Renounce Religion, Evoke Invisibility, Fiery Armour, Foxfire Swarm, Rising
Flame


You were on level 3 of the Depths.
You worshipped Ignis.
Ignis was extremely pleased with you.
You visited 6 branches of the dungeon, and saw 33 of its levels.
You also visited: Gauntlet and Ice Cave.

You collected 3694 gold pieces.
You spent 3146 gold pieces at shops.

Inventory:

Hand Weapons
 i - the +7 dagger of Equivalence {elec, +Blink Str+5}
   (You found it on level 2 of the Spider Nest)

   Str:       It affects your strength (+5).
   +Blink:    It lets you blink.
 K - a +2 vampiric trident
 Y - the +3 Elemental Staff (weapon) {rElec rF++ rC++ AC+5}
   (You found it on level 4 of the Lair of Beasts)

   It enhances your fire, ice, earth and air magic.
   AC:        It affects your AC (+5).
   rF:        It greatly protects you from fire.
   rC:        It greatly protects you from cold.
   rElec:     It insulates you from electricity.
Missiles
 b - 8 boomerangs (quivered)
 g - 4 throwing nets {!f}
Armour
 v - a +2 kite shield of fire resistance (worn)
 w - a +0 helmet (worn)
 E - the +0 cloak "Yqauchog" (worn) {+Inv rN+}
   (You acquired it on level 11 of the Dungeon)

   rN:        It protects you from negative energy.
   +Inv:      It lets you turn invisible.
 F - the +2 pair of gloves of the Cicada (worn) {Regen+}
   (You acquired it on level 3 of the Dungeon)

   Regen:     It increases your rate of health regeneration.
 I - +4 ice dragon scales (worn)
 Z - the +2 pair of boots of Valiance (worn) {Drain rPois Str+6}
   (You found it on level 4 of the Lair of Beasts)

   Str:       It affects your strength (+6).
   rPois:     It protects you from poison.
   Drain:     It drains your maximum health when unequipped.
Jewellery
 f - a ring of flight
 n - a ring of willpower
 q - a ring of positive energy
 s - a +4 ring of slaying (right hand)
 t - an amulet of regeneration (around neck)
 A - the ring of Xom's Attic (left hand) {rPois Str+4 SInv Stlth-}
   (You found it in a Gauntlet)

   [ring of poison resistance]

   Str:       It affects your strength (+4).
   rPois:     It protects you from poison.
   SInv:      It lets you see invisible.
   Stlth:     It makes you less stealthy.
 V - a +5 ring of evasion
Wands
 c - a wand of acid (5) {@v2}
 h - a wand of flame (20)
 x - a wand of mindburst (4)
 y - a wand of iceblast (32) {@v4}
 H - a wand of polymorph (21)
 S - a wand of charming (8)
 X - a wand of digging (4) {@v1}
Scrolls
 k - 3 scrolls of enchant weapon
 m - 7 scrolls of teleportation {@r3}
 u - a scroll of fear
 D - a scroll of brand weapon
 G - 8 scrolls of immolation
 L - 5 scrolls of magic mapping
 N - 6 scrolls of poison
 O - 2 scrolls of fog
 P - 5 scrolls of amnesia
Potions
 a - 5 potions of might {@q4}
 e - 7 potions of invisibility
 j - 4 potions of mutation
 p - 7 potions of haste {@q3}
 r - 2 potions of resistance {@q6}
 z - 5 potions of flight
 B - a potion of ambrosia
 C - 5 potions of cancellation
 M - 15 potions of curing {@q1}
 Q - a potion of heal wounds {@q2}
 T - a potion of magic
Miscellaneous
 d - a lightning rod (4/4)
 l - a phantom mirror
 o - a tin of tremorstones (2/2)
 R - a box of beasts


   Skills:
 + Level 16.4 Fighting
 - Level 14.0(14.8) Polearms
 - Level 8.0(12.0) Staves
 - Level 17.1 Armour
 - Level 15.0 Dodging
 * Level 13.5 Shields
 - Level 3.0 Spellcasting
 - Level 5.0 Fire Magic
 - Level 8.0 Air Magic
 - Level 12.0 Evocations


You had 12 spell levels left.
You knew the following spells:

 Your Spells              Type           Power      Damage    Failure   Level
a - Scorch                Fire           62%        2d8       11%         2
b - Kindle Blastsparks    Fire/Tloc/Air  82%        2d16      28%         3
c - Swiftness             Air            47%        N/A       6%          3
d - Airstrike             Air            23%        2d(4-20)  21%         4
p - Apportation           Tloc           4%         N/A       50%         1

Your spell library contained the following spells:

 Spells                   Type           Power      Damage    Failure   Level
 Shock                    Conj/Air       100%       1d9       11%         1
 Foxfire                  Conj/Fire      68%        2x1d7     21%         1
 Vhi's Electric Charge    Tloc/Air       50%        N/A       32%         3
 Freeze                   Ice            16%        1d4       50%         1
 Magic Dart               Conj           8%         1d3       50%         1
 Necrotise                Necr           8%         1d4       50%         1
 Summon Small Mammal      Summ           8%         N/A       50%         1
 Mephitic Cloud           Conj/Pois/Air  18%        N/A       50%         3
 Blink                    Tloc           4%         N/A       63%         2
 Call Imp                 Summ           2%         N/A       63%         2
 Lesser Beckoning         Tloc           4%         N/A       63%         2
 Momentum Strike          Conj/Tloc      4%         3d8       63%         2
 Ignite Poison            Fire/Tmut/Pois 13%        N/A       65%         3
 Summon Lightning Spire   Summ/Air       25%        N/A       71%         4
 Call Canine Familiar     Summ           2%         N/A       86%         3
 Frozen Ramparts          Ice            8%         1d2       86%         3
 Hailstorm                Conj/Ice       4%         3d4       86%         3
 Ozocubu's Armour         Ice            4%         N/A       86%         3
 Summon Guardian Golem    Hex/Summ       2%         N/A       86%         3
 Vampiric Draining        Necr           2%         2d6       86%         3
 Flame Wave               Conj/Fire      17%        2d7       89%         4
 Arcjolt                  Conj/Air       12%        1d22      96%         5
 Fulminant Prism          Conj/Hex       1%         3d5       99%         4
 Iskenderun's Mystic Bla  Conj/Tloc      2%         2d3       99%         4
 Fireball                 Conj/Fire      8%         3d6       99%         5
 Freezing Cloud           Conj/Ice/Air   13%        6-21      99%         5
 Agony                    Necr           2%         N/A       100%        5
 Lee's Rapid Deconstruct  Erth           2%         3d4*      100%        5
 Metabolic Englaciation   Hex/Ice        2%         N/A       100%        5
 Conjure Ball Lightning   Conj/Air       12%        3x3d6     100%        6
 Simulacrum               Ice/Necr       2%         N/A       100%        6
 Starburst                Conj/Fire      8%         6d4       100%        6
 Summon Cactus Giant      Summ           1%         N/A       100%        6
 Orb of Destruction       Conj           1%         9d5       100%        7
 Ozocubu's Refrigeration  Ice            2%         4d7       100%        7
 Spellforged Servitor     Conj/Summ      1%         N/A       100%        7
 Summon Hydra             Summ           1%         N/A       100%        7
 Borgnjor's Revivificati  Necr           1%         N/A       100%        8
 Discord                  Hex            1%         N/A       100%        8
 Disjunction              Tloc           1%         N/A       100%        8
 Maxwell's Capacitive Co  Air            23%        ∞         100%        8
 Necromutation            Tmut/Necr      1%         N/A       100%        8
 Death's Door             Necr           1%         N/A       100%        9


Dungeon Overview and Level Annotations

Branches:
Dungeon (15/15)            Temple (0/1) D:6            Lair (5/5) D:11
  Swamp (4/4) Lair:3       Spider (4/4) Lair:3          Orc (2/2) D:10
    Elf (0/3) Orc:2        Vaults (0/5) D:13         Depths (3/4) D:15
  IceCv (visited)         Gauntlet (visited)
  Slime: Lair:4-5

Altars:
Ashenzari
Hepliaklqana
Kikubaaqudgha
Makhleb
Okawaru
Qazlal
Trog
Uskayaw
Vehumet
Wu Jian
Zin
The Shining One
Jiyva

Shops:
D:2 [([*?   D:5 *   D:7 =   D:11 ?   D:12 :   Orc:1 (   Orc:2 !?=[
Depths:2 *?   Depths:3 =:=

Portals:
Hell: Depths:1
Pandemonium: Depths:2
Ziggurat: Depths:1

Annotations:
D:14 3 runed translucent doors, Jiolyugh's ghost, journeyman GrEE
Lair:5 exclusion: 2 oklob plants
Swamp:3 2 transporters, Fiugearo's ghost, adept MiFi
Depths:2 exclusion: orange crystal statue


Innate Abilities, Weirdness & Mutations

You have large cloven feet.
You sometimes lose your temper in combat.
You are strong-willed. (Will+)


Message History

The fire dragon looks frightened!
You block the spriggan berserker's attack.
The spriggan berserker hits you with a +0 antimagic war axe!!
* * * LOW HITPOINT WARNING * * *
Blink to where?
Press: ? - help, Dir - move target
As you read the scroll of blinking {@r4}, it crumbles to dust.
You hear a shout!
You feel much better.
You block the spriggan berserker's attack. x2
The spriggan berserker closely misses you.
You feel much better.
The spriggan berserker hits you with a +0 antimagic war axe!!
* * * LOW HITPOINT WARNING * * *
You feel your power leaking away.
The spriggan berserker hits you with a +0 antimagic war axe!
* * * LOW HITPOINT WARNING * * *
Okay, then.
Unknown command.
Okay, then.
Okay, then.
Unknown command.
Press: ? - help, v - describe, . - travel
Here: a spriggan berserker, wielding a +0 antimagic war axe and wearing a +0 animal skin (heavily wounded, berserk)
The floor.
Unknown command.
Unknown command.
Okay, then.
Unknown command.
You feel much better.
The spriggan berserker hits you with a +0 antimagic war axe!
* * * LOW HITPOINT WARNING * * *
The spriggan berserker barely misses you.
As you read the scroll of teleportation {@r3}, it crumbles to dust.
You feel strangely unstable.
You block the spriggan berserker's attack.
The spriggan berserker hits you with a +0 antimagic war axe!!
* * * LOW HITPOINT WARNING * * *
The spriggan berserker hits you with a +0 antimagic war axe!!
You die...

#..... .#. ..#
#....#..##..
#....#....### ..
.....#.....## ...
##C.#...#..### #..#
#....#..#..#.###...#
#.)).#..#..#...'..
##.i###.^#.....##
##@†..#.#..)...#
#......#......#
###.....#.<.###
#.....#..##.##
#...#.#......##
#####'####....##
♣♣♣♣♣ ......###...
♣♣...♣♣
...........###
♣♣..∩..♣♣
.......#'#....


You could see a frost giant and a spriggan berserker (berserk).

Vanquished Creatures
  Mara (Spider:3)
  Bai Suzhen (Depths:2)
  Saint Roka (Depths:2)
  Rupert (Orc:1)
  Jorgrun (D:12)
  A hellephant (Depths:1)
  A lich (Depths:1)
  An Ice Fiend (Depths:2)
  2 quicksilver dragons
  A titan (Depths:2)
  2 sphinxes
  Kirke (Swamp:1)
  3 fenstrider witches
  A fire giant (Depths:2)
  4 emperor scorpions (Spider:4)
  4 frost giants (Depths:2)
  Aizul (Swamp:1)
  A caustic shrike zombie (D:15)
  4 ghost moths
  5 broodmothers
  5 stone giants
  8 very ugly things
  3 eleionomae
  A vampire knight (Depths:1)
  6 spark wasps
  A minotaur (Gauntlet)
  4 bunyips
  A wendigo (Depths:2)
  4 ettins
  A green death (Swamp:4)
  2 blizzard demons
  Snorg (D:11)
  2 fire dragons
  An entropy weaver (Spider:3)
  A shambling mangrove (Swamp:3)
  3 jiangshi (Depths:2)
  Fannar (D:11)
  14 hydras
  8 ice dragons
  A spriggan skeleton (D:15)
  Erolcha (Orc:2)
  3 jorogumos
  A radroach (Spider:2)
  5 spriggan air magi
  3 ogre magi
  11 two-headed ogres
  8 boulder beetles
  A catoblepas (D:14)
  5 centaur warriors
  4 death yaks (Gauntlet)
  5 deep troll shamans
  6 spriggan berserkers
  6 tengu warriors
  3 deep troll earth magi
  A vampire mage (Depths:2)
  6 alligators
  A death scarab (Spider:2)
  8 hell hogs (Depths:1)
  A soul eater (Swamp:4)
  Nergalle (Orc:2)
  An iron troll (Depths:1)
  6 skeletal warriors
  3 goliath frogs
  A sixfirhy (Swamp:4)
  7 pharaoh ants
  2 sun moths
  16 orb spiders
  A salamander mystic (Depths:2)
  6 swamp dragons
  A skyshark (Lair:5)
  4 wizards
  6 spriggan druids
  3 bog bodies
  11 deep trolls
  A glowing orange brain (Depths:2)
  4 steelbarb worms
  A phantasmal warrior (D:15)
  2 necromancers
  Pikel (D:7)
  An orc knight (Orc:1)
  11 orc sorcerers
  3 will-o-the-wisps
  14 ugly things
  A salamander (Depths:2)
  A stone giant zombie (D:15)
  25 wolf spiders
  A moth of wrath (Swamp:2)
  5 cyclopes
  6 manticores
  3 black mambas
  7 elephants
  9 demonic crawlers
  6 torpor snails
  Joseph (D:7)
  A smoke demon (Depths:2)
  6 cane toads
  6 orange demons
  Psyche (D:9)
  2 unseen horrors
  An efreet (D:12)
  4 gargoyles
  7 komodo dragons
  5 tengu conjurers
  2 ice devils (Lair:1)
  6 meliai
  2 trolls
  A golden dragon simulacrum (Depths:2)
  2 bloated husks
  13 hornets
  5 tyrant leeches
  23 tarantellas
  5 polar bears
  8 dream sheep
  A wind drake (Depths:2)
  12 blink frogs (Lair:5)
  A fire giant simulacrum (Depths:2)
  35 jumping spiders
  15 culicivoras
  Sigmund (D:2)
  12 slime creatures
  22 spriggans
  2 wraiths
  A vampire (D:10)
  2 wyverns
  39 yaks
  13 vampire mosquitoes
  44 redbacks
  A basilisk (Lair:4)
  2 steam dragons (D:9)
  2 neqoxecs (Swamp:4)
  A chaos spawn (Swamp:4)
  A warg (Orc:1)
  3 acid dragons
  20 swamp worms
  21 water moccasins
  A human zombie (D:15)
  Duvessa (D:7)
  12 orc warriors
  A sky beast (D:6)
  An ice beast (D:7)
  7 black bears
  2 ettin simulacra (Depths:2)
  A swamp drake (Swamp:2)
  6 ogres
  3 boggarts (Lair:5)
  10 centaurs
  19 wolves
  A phantom (D:6)
  2 necrophages
  11 bullfrogs
  A gnoll sergeant (D:8)
  7 scorpions
  A two-headed ogre simulacrum (IceCv)
  3 wights
  Dowan (D:7)
  17 killer bees
  2 electric eels (Lair:1)
  2 howler monkeys
  4 jellies
  14 orc priests
  4 gnoll boudas
  A hound (D:5)
  3 iguanas
  27 orc wizards
  13 hell rats
  A polar bear simulacrum (IceCv)
  A troll simulacrum (IceCv)
  3 spriggan simulacra
  28 gnolls
  10 adders
  7 river rats (Lair:3)
  A naga simulacrum (IceCv)
  A shadow imp (D:6)
  3 white imps
  2 ufetubi (IceCv)
  A worm (D:2)
  2 dart slugs
  68 orcs
  2 ball pythons (D:3)
  3 bats
  11 endoplasms
  4 giant cockroaches
  5 goblins
  6 hobgoblins
  4 kobolds
  3 quokkas (D:2)
  3 frilled lizards
  15 rats
1069 creatures vanquished.

Vanquished Creatures (collateral kills)
  An ironbound preserver (D:13)
  2 spriggan berserkers
  An iron troll (Depths:2)
  A moth of wrath (Spider:3)
  A tarantella (Spider:3)
  2 slime creatures
  2 jumping spiders (Spider:3)
  A vampire (D:13)
  2 redbacks (Spider:3)
  A wolf (Lair:5)
  An orc (Depths:2)
15 creatures vanquished.

Vanquished Creatures (others)
  A fenstrider witch (Swamp:4)
  A bunyip (Swamp:1)
  A goliath frog (Swamp:4)
  A wizard (D:14)
  A deep elf pyromancer (Swamp:4)
  2 bloated husks
  A jumping spider (Spider:3)
  3 humans (Swamp:1)
  2 scorpions (D:12)
  4 orc wizards (Orc:2)
  4 demonic plants (Gauntlet)
  9 foxfires (Swamp:4)
  38 fungi
  76 plants
  2 withered plants (D:15)
146 creatures vanquished.

Grand Total: 1230 creatures vanquished

Notes
Turn   | Place    | Note
-------+----------+-------------------------------------------
     0 | D:1      | Zenkrye the Human Cinder Acolyte began the quest for the
                  | Orb.
     0 | D:1      | Reached XP level 1. HP: 18/18 MP: 2/2
   108 | D:1      | Reached XP level 2. HP: 16/24 MP: 3/3
   111 | D:1      | Learned a level 2 spell: Scorch
   350 | D:1      | Reached XP level 3. HP: 28/29 MP: 4/4
   839 | D:2      | Found Epicynneufa's Magic Scroll Emporium.
   876 | D:2      | Noticed Sigmund
  1160 | D:2      | Reached XP level 4. HP: 30/35 MP: 5/5
  1209 | D:2      | Found Vuot's Weapon Boutique.
  1282 | D:2      | Found Feock's Armour Shoppe.
  1355 | D:2      | Found Gusithren's General Store.
  1864 | D:3      | Found a hazy altar of Hepliaklqana.
  1864 | D:3      | Found a hide-covered altar of Uskayaw.
  1875 | D:3      | Found an iron altar of Okawaru.
  1877 | D:3      | Found a faded altar of an unknown god.
  1879 | D:3      | Found a broken altar of Ashenzari.
  2099 | D:3      | Reached skill level 1 in Evocations
  2099 | D:3      | Reached XP level 5. HP: 41/41 MP: 6/6
  2682 | D:3      | Identified a scroll of acquirement
  2682 | D:3      | Acquired the +2 pair of gloves of the Cicada {Regen+}
  2768 | D:2      | Killed Sigmund
  2769 | D:2      | Reached XP level 6. HP: 47/47 MP: 4/7
  2835 | D:2      | Found Kihaju's Antique Armour Shoppe.
  3222 | D:4      | Reached skill level 5 in Polearms
  3222 | D:4      | Reached skill level 5 in Fire Magic
  3222 | D:4      | Reached XP level 7. HP: 52/52 MP: 3/8
  3357 | D:4      | Identified the +8 whip "Gadwef" {spect, rN+ rCorr}
  3760 | D:2      | Bought a cloak for 94 gold pieces
  3856 | D:5      | Entered Level 5 of the Dungeon
  4024 | D:5      | Reached XP level 8. HP: 58/58 MP: 4/9
  4071 | D:5      | Found a burning altar of Makhleb.
  4343 | D:5      | Reached skill level 5 in Evocations
  4351 | D:5      | Reached skill level 1 in Dodging
  4372 | D:5      | Found Girigy's Neck Hole.
  4990 | D:6      | Reached XP level 9. HP: 63/63 MP: 10/10
  5680 | D:6      | Found a bloodstained altar of Trog.
  5829 | D:6      | Found a staircase to the Ecumenical Temple.
  5979 | D:7      | Reached skill level 5 in Dodging
  6010 | D:7      | Noticed an unseen horror
  6015 | D:7      | Killed an unseen horror
  6118 | D:7      | Found Ucoj's Jewellery Emporium.
  6157 | D:7      | Noticed Duvessa
  6355 | D:7      | Killed Duvessa
  6375 | D:7      | Noticed Dowan
  6389 | D:7      | Killed Dowan
  6446 | D:7      | Reached XP level 10. HP: 70/70 MP: 11/11
  6495 | D:7      | Noticed Pikel
  6528 | D:7      | Killed Pikel
  6602 | D:7      | Noticed Joseph
  6696 | D:8      | Reached skill level 10 in Polearms
  6929 | D:8      | Noticed a two-headed ogre
  6929 | D:8      | Noticed a boulder beetle
  7089 | D:8      | Identified the +0 robe of Omiafrab {rC+}
  7249 | D:8      | You fall into a shaft and drop 2 floors!
  7249 | D:10     | Entered Level 10 of the Dungeon
  7276 | D:10     | Noticed an unseen horror
  7400 | D:10     | Killed an unseen horror
  7478 | D:9      | Noticed a two-headed ogre
  7489 | D:9      | Killed a two-headed ogre
  7543 | D:9      | Noticed a gargoyle
  7552 | D:9      | Killed a gargoyle
  7562 | D:9      | Reached XP level 11. HP: 52/75 MP: 9/12
  7760 | D:9      | Noticed Psyche
  7771 | D:9      | Killed Psyche
  7884 | D:9      | Noticed a cyclops
  7902 | D:9      | Killed a cyclops
  8110 | D:9      | Found an ancient bone altar of Kikubaaqudgha.
  8168 | D:9      | Reached skill level 5 in Fighting
  8485 | D:8      | Killed a boulder beetle
  8486 | D:8      | Reached skill level 1 in Armour
  8670 | D:8      | Killed a two-headed ogre
  8671 | D:8      | Reached skill level 10 in Dodging
  8998 | D:10     | Found a staircase to the Orcish Mines.
  9303 | D:10     | Reached skill level 2 in Armour
  9497 | D:11     | Found Yptuarghi's Magic Scroll Emporium.
  9535 | D:11     | Learned a level 1 spell: Apportation
  9555 | D:11     | Noticed a cyclops
  9574 | D:11     | Killed a cyclops
  9641 | D:11     | Reached skill level 3 in Armour
  9757 | D:11     | Reached XP level 12. HP: 83/89 MP: 13/13
  9767 | D:11     | Found a staircase to the Lair.
  9767 | D:11     | Identified the +5 pair of boots "Ecogoac" {-Cast rElec
                  | Dex+3}
  9850 | D:11     | Noticed Fannar
  9915 | D:11     | Noticed Snorg
  9938 | D:11     | Killed Snorg
  9939 | D:11     | Reached skill level 4 in Armour
 10134 | D:11     | Reached skill level 5 in Armour
 10411 | D:11     | Killed Fannar
 10512 | Lair:1   | Entered Level 1 of the Lair of Beasts
 10550 | Lair:1   | Found a frozen archway.
 10625 | IceCv    | Entered an ice cave
 10858 | Lair:1   | Reached skill level 6 in Armour
 11662 | Lair:2   | Noticed Sonja
 11666 | Lair:2   | Sonja changed into Sonja the scorpion
 11666 | Lair:2   | Noticed Sonja
 11667 | Lair:2   | Killed Sonja the scorpion
 11837 | Lair:2   | Found the +8 whip "Snakebite" {venom, curare, rPois}
 12165 | Lair:2   | Reached XP level 13. HP: 99/99 MP: 14/14
 12785 | Lair:3   | Found a hole to the Spider Nest.
 12989 | Lair:3   | Reached skill level 7 in Armour
 13533 | Lair:3   | Found a staircase to the Swamp.
 13830 | Lair:4   | Found a gate leading to a gauntlet.
 13860 | Gauntlet | Entered a Gauntlet
 13860 | Gauntlet | Found a transporter.
 13860 | Gauntlet | Found a transporter.
 13866 | Gauntlet | Found a transporter.
 13866 | Gauntlet | Noticed a catoblepas
 13883 | Gauntlet | Found a transporter.
 13896 | Gauntlet | Found a transporter.
 13896 | Gauntlet | Found a transporter.
 13896 | Gauntlet | Found a transporter.
 13898 | Gauntlet | Found a transporter.
 13898 | Gauntlet | Found a transporter.
 13902 | Gauntlet | Noticed a ghost crab
 13907 | Gauntlet | Found a runed translucent door.
 13909 | Gauntlet | Found a runed translucent door.
 13911 | Gauntlet | Found a transporter.
 13927 | Gauntlet | Found a transporter.
 13936 | Gauntlet | Found a runed translucent gate.
 13937 | Gauntlet | Found a transporter.
 13937 | Gauntlet | Found a runed translucent gate.
 13938 | Gauntlet | Found a runed translucent gate.
 13940 | Gauntlet | Noticed a catoblepas
 13951 | Gauntlet | Found a transporter.
 13985 | Gauntlet | Found a transporter.
 14053 | Gauntlet | Identified the ring of Xom's Attic {rPois Str+4 SInv
                  | Stlth-}
 14187 | Gauntlet | Identified the +1 helmet of the Hidden Vale {*Corrode
                  | +Blink rC+ rN+}
 14238 | Gauntlet | Noticed a minotaur
 14248 | Gauntlet | Killed a minotaur
 14263 | Lair:4   | Noticed a six-headed hydra
 14280 | Lair:4   | Killed a six-headed hydra
 14461 | Lair:4   | Found the +3 Elemental Staff {rElec rF++ rC++ AC+5}
 14519 | Lair:4   | Reached skill level 8 in Armour
 14676 | Lair:4   | Noticed Nessos
 14681 | Lair:4   | Nessos changed into Nessos the deep troll
 14681 | Lair:4   | Noticed Nessos
 14690 | Lair:4   | Killed Nessos the deep troll
 15002 | Lair:4   | Identified the +2 pair of boots of Valiance {Drain rPois
                  | Str+6}
 15055 | Lair:5   | Entered Level 5 of the Lair of Beasts
 15143 | Lair:5   | Reached skill level 1 in Staves
 15146 | Lair:5   | Reached XP level 14. HP: 96/109 MP: 15/15
 15440 | Lair:5   | Reached skill level 10 in Fighting
 15742 | Lair:5   | Reached skill level 1 in Shields
 15824 | Lair:5   | Reached skill level 9 in Armour
 16678 | Lair:5   | Found a viscous altar of Jiyva.
 16914 | D:11     | Bought a scroll of acquirement for 624 gold pieces
 16914 | D:11     | Acquired the +0 cloak "Yqauchog" {+Inv rN+}
 16991 | Orc:1    | Entered Level 1 of the Orcish Mines
 17336 | Orc:1    | Found Eleich's Weapon Boutique.
 17490 | Orc:2    | Entered Level 2 of the Orcish Mines
 17506 | Orc:2    | Noticed Rupert
 17579 | Orc:1    | Paralysed by Rupert for 5 turns
 17592 | Orc:1    | Killed Rupert
 18000 | Orc:2    | Reached XP level 15. HP: 116/117 MP: 16/16
 18042 | Orc:2    | Found Yffox's Distillery.
 18060 | Orc:2    | Bought a potion of heal wounds for 70 gold pieces
 18073 | Orc:2    | Found an ancient bone altar of Kikubaaqudgha.
 18073 | Orc:2    | Noticed Nergalle
 18093 | Orc:2    | Killed Nergalle
 18105 | Orc:2    | Reached skill level 10 in Evocations
 18133 | Orc:2    | Noticed Erolcha
 18209 | Orc:2    | Killed Erolcha
 18220 | Orc:2    | Found Tuneyshie's Jewellery Boutique.
 18254 | Orc:2    | Found Kust's Magic Scroll Shop.
 18273 | Orc:2    | Found Gyerhelu's Antique Armour Boutique.
 18304 | Orc:2    | Found a radiant altar of Vehumet.
 18361 | Orc:2    | Found a staircase to the Elven Halls.
 18584 | Orc:2    | Learned a level 3 spell: Kindle Blastsparks
 19161 | D:12     | Got the Information on Mustering
 19386 | D:12     | Found Aruh's Book Shoppe.
 19389 | D:12     | Bought a manual of Armour for 1120 gold pieces
 19464 | D:12     | Reached skill level 10 in Armour
 19559 | D:12     | Noticed Jorgrun
 19586 | D:12     | Killed Jorgrun
 20125 | D:12     | Reached skill level 5 in Shields
 20497 | D:13     | Noticed Maurice
 20498 | D:13     | Maurice changed into Maurice the acid dragon
 20498 | D:13     | Noticed Maurice
 20509 | D:13     | Killed Maurice the acid dragon
 20699 | D:13     | Upgraded the game from 0.30-a0-779-g7971cf19c3 to
                  | 0.30-a0-799-g109b55a442
 20828 | D:13     | Found a gate to the Vaults.
 20828 | D:13     | Noticed an ironbound preserver
 20902 | D:13     | Killed an ironbound preserver
 20946 | D:13     | Reached skill level 11 in Armour
 21544 | D:14     | Reached skill level 1 in Air Magic
 21544 | D:14     | Reached XP level 16. HP: 106/127 MP: 18/18
 21781 | D:14     | Noticed a storm dragon
 21782 | D:14     | Noticed Jiolyugh's ghost (journeyman GrEE)
 21827 | D:14     | Found a runed translucent gate.
 21827 | D:14     | Found a runed translucent gate.
 21829 | D:14     | Found a runed translucent gate.
 22199 | D:15     | Entered Level 15 of the Dungeon
 22673 | D:15     | Found a staircase to the Depths.
 23503 | Swamp:1  | Entered Level 1 of the Swamp
 23723 | Lair:3   | Paralysed by a hornet for 3 turns
 23885 | Lair:3   | Reached skill level 12 in Armour
 24103 | Swamp:1  | Noticed Kirke
 24116 | Swamp:1  | Killed Kirke
 24320 | Swamp:1  | Noticed Aizul
 24384 | Swamp:1  | Found a glowing silver altar of Zin.
 24586 | Swamp:1  | HP: 5/127 [Aizul (47)]
 24593 | Swamp:1  | Killed Aizul
 25428 | Swamp:2  | Reached XP level 17. HP: 135/135 MP: 21/21
 25774 | Swamp:3  | Noticed Fiugearo's ghost (adept MiFi)
 25797 | Swamp:3  | Found a transporter.
 25804 | Swamp:3  | Found a bloodstained altar of Trog.
 26074 | Swamp:3  | Paralysed by a fenstrider witch for 5 turns
 26200 | Swamp:3  | Reached skill level 5 in Staves
 26342 | Swamp:3  | Found a transporter.
 26599 | Swamp:4  | Entered Level 4 of the Swamp
 26622 | Swamp:3  | Reached skill level 13 in Armour
 26879 | Swamp:4  | Paralysed by a fenstrider witch for 2 turns
 26993 | Swamp:4  | Reached skill level 5 in Air Magic
 27028 | Swamp:4  | Learned a level 3 spell: Swiftness
 27054 | Swamp:4  | Paralysed by an orc sorcerer for 2 turns
 27709 | Swamp:4  | Gained mutation: You have hidden genetic defects. [a
                  | neqoxec]
 27711 | Swamp:4  | Gained mutation: Your body sometimes deteriorates upon
                  | taking damage. [a neqoxec]
 27976 | Swamp:4  | Paralysed by a fenstrider witch for 5 turns
 28091 | Swamp:4  | Paralysed by a fenstrider witch for 2 turns
 28148 | Swamp:4  | Got a decaying rune of Zot
 28266 | Spider:1 | Entered Level 1 of the Spider Nest
 28694 | Spider:1 | Gained mutation: You are vulnerable to heat. (rF-) [hidden
                  | defects]
 28932 | Spider:1 | Reached XP level 18. HP: 126/143 MP: 22/22
 29221 | Spider:1 | Reached skill level 14 in Armour
 29831 | Spider:2 | Gained mutation: You are frail. (-10% HP) [hidden defects]
 29831 | Spider:2 | Lost mutation: You have hidden genetic defects. [hidden
                  | defects expressed]
 29844 | Spider:1 | Lost mutation: Your body sometimes deteriorates upon taking
                  | damage. [potion of mutation]
 29844 | Spider:1 | Lost mutation: You are vulnerable to heat. (rF-) [potion of
                  | mutation]
 29844 | Spider:1 | Lost mutation: You are frail. (-10% HP) [potion of
                  | mutation]
 29844 | Spider:1 | Gained mutation: You are vulnerable to cold. (rC-) [potion
                  | of mutation]
 29844 | Spider:1 | Gained mutation: You are resistant to electric shocks.
                  | (rElec) [potion of mutation]
 30449 | Spider:2 | Gained mutation: You occasionally lose the ability to drink
                  | potions when taking damage. [mutagenic glow]
 30477 | Spider:2 | Lost mutation: You are resistant to electric shocks.
                  | (rElec) [potion of mutation]
 30477 | Spider:2 | Lost mutation: You are vulnerable to cold. (rC-) [potion of
                  | mutation]
 30477 | Spider:2 | Lost mutation: You occasionally lose the ability to drink
                  | potions when taking damage. [potion of mutation]
 30477 | Spider:2 | Gained mutation: You have large cloven feet. [potion of
                  | mutation]
 30477 | Spider:2 | Gained mutation: You sometimes lose your temper in combat.
                  | [potion of mutation]
 30477 | Spider:2 | Gained mutation: You are strong-willed. (Will+) [potion of
                  | mutation]
 30499 | Spider:2 | Learned a level 4 spell: Airstrike
 30819 | Spider:2 | Identified the +6 rapier of Twilight {flame, rPois}
 30828 | Spider:2 | Identified the +7 dagger of Equivalence {elec, +Blink
                  | Str+5}
 31507 | Spider:3 | Noticed Mara
 31521 | Spider:3 | Noticed Zenkrye's illusion
 32013 | D:7      | Killed Joseph
 32023 | D:7      | Bought a +4 ring of slaying for 1014 gold pieces
 32349 | Spider:3 | Noticed Zenkrye's illusion
 32353 | Spider:3 | Killed Mara
 32354 | Spider:3 | Reached skill level 15 in Armour
 32720 | Spider:3 | Identified the +2 rapier "Jified" {heavy, rF+}
 32770 | Spider:3 | Reached XP level 19. HP: 138/151 MP: 23/23
 32861 | Spider:4 | Entered Level 4 of the Spider Nest
 33600 | Spider:4 | Reached skill level 15 in Dodging
 33749 | Spider:4 | Reached skill level 10 in Shields
 33789 | Spider:4 | Got a gossamer rune of Zot
 34146 | Depths:1 | Entered Level 1 of the Depths
 34173 | Depths:1 | Paralysed by a sphinx for 4 turns
 34243 | Depths:1 | Found a one-way gateway to a ziggurat.
 34475 | Depths:1 | Found an iron altar of Okawaru.
 34619 | Depths:1 | Noticed a lich
 34626 | Depths:1 | Killed a lich
 34627 | Depths:1 | Reached skill level 16 in Armour
 34788 | Depths:1 | Found an ornate altar of the Wu Jian Council.
 34902 | Depths:1 | Found a gateway to Hell.
 34902 | Depths:1 | Noticed a hellephant
 34922 | Depths:1 | Reached skill level 15 in Fighting
 35000 | Depths:1 | Killed a hellephant
 35144 | Depths:2 | Noticed Saint Roka
 35170 | Depths:2 | Killed Saint Roka
 35187 | Depths:2 | Reached XP level 20. HP: 75/162 MP: 24/24
 35237 | Depths:2 | Found a one-way gate leading to the halls of Pandemonium.
 35289 | Depths:2 | Found Nidytaco's Magic Scroll Boutique.
 35292 | Depths:2 | Bought a scroll of enchant armour for 112 gold pieces
 35292 | Depths:2 | Bought a scroll of enchant armour for 112 gold pieces
 35438 | Depths:2 | Found Fusyn's Assorted Antiques.
 35504 | Depths:2 | Noticed Bai Suzhen
 35614 | Depths:2 | Found a stormy altar of Qazlal.
 35665 | Depths:2 | Killed Bai Suzhen
 35828 | Depths:2 | Reached skill level 17 in Armour
 35839 | Depths:2 | Found a glowing golden altar of the Shining One.
 36043 | Depths:2 | Noticed an Ice Fiend
 36070 | Depths:2 | Killed an Ice Fiend
 36204 | Depths:2 | Paralysed by a wendigo for 1 turns
 36517 | Depths:2 | Paralysed by a sphinx for 4 turns
 36534 | Depths:2 | Identified the +8 demon blade of the Briny Deep {pain, rN+
                  | Dex+4}
 36923 | Depths:3 | Found Ushaesm's Jewellery Emporium.
 36925 | Depths:3 | Found Jyawk's Book Shop.
 36926 | Depths:3 | Found Mouze's Jewellery Emporium.
 37066 | Depths:3 | Identified the +8 rapier of Dishonour {protect, rElec Int+3
                  | Dex+4}
 37182 | Depths:3 | HP: 4/166 [spriggan berserker/+0 antimagic war axe (22)]
 37187 | Depths:3 | Slain by a spriggan berserker

Illustrated notes

Levels and vault maps discovered:
D:1:      shiori_arrival_maze, layout_basic, hangedman_decor_points,
          nicolae_grassy_gnolls
D:2:      layout_loops_ring, serial_shops, shop, nicolae_shop_hallway_stairs,
          shop, shop, nicolae_shop_statue_plus, nrook_mini_vaults,
          dk_noncrumbling_2, minmay_surrounded, uniq_sigmund
D:3:      layout_basic, chequers_temple_overflow_minitemple, serial_bayou_lake_a
D:4:      layout_basic, serial_park_tiny_1, hangedman_abyss_or_decor_stabs
D:5:      layout_basic, lemuel_crystal_altar,
          eino_small_chamber_without_monster, nicolae_shop_sticking_my_neck_out
D:6:      layout_basic, mainiacjoe_overflow_alcove_2, lemuel_temple_firewalk_a
D:7:      layout_rooms, serial_shops, shop, uniq_duvessa, uniq_joseph,
          uniq_pikel
D:8:      layout_cave_pods
D:9:      layout_stronghold, kiku_gazebo_garden_becter, uniq_psyche
D:10:     layout_cave_pools, orc_0_dummy, minmay_misc_feat_four_crosses
D:11:     layout_roguey, david_lair_shrubbed, serial_shops, shop,
          kennysheep_diamond, uniq_fannar, uniq_snorg
D:12:     minmay_razor_zed, layout_stronghold, serial_shops,
          nicolae_shop_behind_doors, einodemon_barbed_minivault, uniq_jorgrun
D:13:     layout_basic, skrybe_vaults_entry_preservation, uniq_maurice
D:14:     layout_loops_cross, grunt_decor_junction, gammafunk_ghost_split
D:15:     gammafunk_depths_entry_grave, layout_cave_pods,
          grunt_decor_one_mirror, minivault_4
Lair:1:   layout_roguey, portal_ice_cave_demonic_guard, serial_bayou_shore_b,
          grunt_megastairs_1, infiniplex_staircase_pool_2, serial_bayou_shore_a
Lair:2:   minmay_guarded_unrand_snakebite, layout_cave_pods, uniq_sonja
Lair:3:   layout_loops_ring, minmay_swamp_entry_worms,
          nicolae_spider_entry_orb_guardian, kennysheep_abandoned_house
Lair:4:   layout_concentric_octagons, gauntlet_entry_generic,
          small_statue_intersection, chequers_serial_rivers_large_b,
          serial_bayou_shore_b, uniq_nessos
Lair:5:   minmay_lair_end_enchanted_forest, layout_long_grid,
          minmay_slime_entry_oklob_enclosed, serial_bayou_pond_d
Swamp:1:  nicolae_swamp_tree_isthmus, layout_basic_swamp, basic_altar,
          nicolae_swamp_small_spring, uniq_aizul, uniq_kirke
Swamp:2:  layout_basic_swamp, nicolae_swamp_very_dense_foliage
Swamp:3:  layout_basic_swamp, gammafunk_ghost_wrathful_warriors,
          nicolae_swamp_fairy_circle, swamp_pool3
Swamp:4:  nzn_swamp_witches_coven, layout_basic_swamp
Spider:1: layout_spider_delve, nicolae_spider_nooks_and_crannies
Spider:2: nicolae_spider_mines_3, nicolae_orb_island
Spider:3: layout_spider_delve, nicolae_spider_nook, uniq_mara
Spider:4: guppyfry_spider_rune
Orc:1:    layout_caves, serial_shops, nicolae_shop_bloodbath_and_beyond
Orc:2:    kennysheep_orc_mage_school, layout_caves, uniq_rupert
Depths:1: layout_forbidden_donut, enter_ziggurat_c, grunt_hell_horde,
          okawaru_ov_weapons_minmay, nicolae_wu_jian_wuxing_cycle,
          grunt_megastairs_4
Depths:2: dreamdust_isle_of_ice, layout_small_grid, pan_entry,
          nicolae_qazlal_general_emergency, serial_shops, nicolae_shop_trees,
          nicolae_shop_crystal, hellmouth_1, tso_oasis_becter,
          infiniplex_staircase_river, uniq_saint_roka, uniq_bai_suzhen
Depths:3: minmay_the_grid_square_5x5_3x3 [minmay_the_grid_square_5x5_tie,
          minmay_the_grid_square_5x5_broken_cross, minmay_the_grid_square_5x5_c,
          minmay_the_grid_square_5x5_checkered_statues,
          minmay_the_grid_square_5x5_megaprize_hollow,
          minmay_the_grid_square_5x5_intrusive_squares,
          minmay_the_grid_square_5x5_spiral,
          minmay_the_grid_square_5x5_fancy_junction,
          minmay_the_grid_square_5x5_tri_point], layout_honeycomb, abyss_entry,
          hell_entry, serial_sigils_hangedman_snap, serial_shops,
          nicolae_lakefront_shop, ebering_ghost_xom, minmay_shop_grove

Skill      XL: |  1  2  3  4  5  6  7  8  9 10 11 12 13 14 15 16 17 18 19 20 |
---------------+-------------------------------------------------------------+-----
Polearms       | 4 5 6 7 9 11 12 13 14 | 14.0
Fire Magic     | 4 5 |  5.0
Evocations     | 1 2 3 4 5 7 9 11 12 | 12.0
Dodging        | 3 6 9 10 11 12 13 14 15 | 15.0
Fighting       | 6 8 9 10 11 12 13 15 16 | 16.4
Armour         | 3 6 8 9 11 12 13 15 16 17 | 17.1
Staves         | 1 2 4 6 8 |  8.0
Shields        | 3 5 6 8 9 11 13 | 13.5
Air Magic      | 1 4 6 7 8 |  8.0
Spellcasting   | 3 |  3.0

Action                     |  1- 3 |  4- 6 |  7- 9 | 10-12 | 13-15 | 16-18 | 19-21 || total
---------------------------+-------+-------+-------+-------+-------+-------+-------++-------
  Melee: Spear             |   115 |   110 |     5 |       |       |       |       ||   230
         Punch             |       |     1 |       |       |       |       |       ||     1
         Whip              |       |       |   168 |   576 |   250 |       |       ||   994
         Staff             |       |       |       |       |  1104 |  1779 |  1086 ||  3969
  Throw: Dart              |       |     4 |    20 |    29 |    29 |     6 |       ||    88
         Boomerang         |       |       |       |       |    15 |    18 |    19 ||    52
   Cast: Scorch            |       |    10 |    11 |    11 |       |     5 |       ||    37
         Kindle Blastspark |       |       |       |       |       |     2 |     8 ||    10
Ability: Evoke Invisibilit |       |       |       |       |     2 |       |       ||     2
  Evoke: Wand              |       |       |     2 |    10 |    11 |     7 |     4 ||    34
         Box of beasts     |       |       |       |       |     4 |     3 |     1 ||     8
         Tin of tremorston |       |       |       |       |       |     2 |     2 ||     4
         Phantom mirror    |       |       |       |       |       |     1 |     1 ||     2
         Lightning rod     |       |       |       |       |       |       |     6 ||     6
    Use: Scroll            |     3 |     8 |     4 |     7 |    16 |     8 |     9 ||    55
         Potion            |       |       |       |     2 |    12 |    13 |     7 ||    34
   Stab: Sleeping          |     2 |       |       |       |       |       |       ||     2
         Distracted        |     1 |       |       |       |       |     2 |       ||     3
         Invisible         |       |       |       |       |     4 |       |       ||     4
 Armour: Robe              |    13 |       |       |       |       |       |       ||    13
         Ring mail         |       |    28 |    45 |   183 |   543 |   283 |       ||  1082
         Skin              |       |       |       |    10 |       |       |       ||    10
         Swamp dragon scal |       |       |       |       |       |   447 |   190 ||   637
         Ice dragon scales |       |       |       |       |       |       |   330 ||   330
  Dodge: Dodged            |    42 |    33 |   162 |   686 |  1333 |  1358 |   431 ||  4045
  Block: Buckler           |       |       |       |       |   112 |       |       ||   112
         Kite shield       |       |       |       |       |    38 |  1124 |   586 ||  1748

Table legend: (Time is in decaauts)
 A = Elapsed time spent in this place.
 B = Non-inter-level travel time spent in this place.
 C = Inter-level travel time spent in this place.
 D = Time resting spent in this place.
 E = Time spent auto-exploring this place.
 F = Levels seen in this place.
 G = Mean time per level.
                   A        B        C        D        E       F      G
               +--------+--------+--------+--------+--------+-----+--------+
         Total |  36929 |  33685 |   3244 |   3870 |  20075 |  35 | 1055.1 |
       Dungeon |  15763 |  14375 |   1388 |   1184 |   9956 |  15 | 1050.9 |
          Lair |   6732 |   6023 |    709 |    776 |   3738 |   5 | 1346.4 |
         Swamp |   4335 |   4037 |    298 |   1000 |   1654 |   4 | 1083.8 |
   Spider Nest |   5136 |   4480 |    656 |    486 |   2219 |   4 | 1284.0 |
  Orcish Mines |   1598 |   1483 |    115 |     12 |   1041 |   2 |  799.0 |
        Depths |   2862 |   2786 |     76 |    379 |   1255 |   3 |  954.0 |
      Ice Cave |    128 |    128 |      0 |      0 |     75 |   1 |  128.0 |
      Gauntlet |    371 |    371 |      0 |     32 |    135 |   1 |  371.0 |
               +--------+--------+--------+--------+--------+-----+--------+

Top non-repeatable levels by time:
Spider:2: 1776 daAuts
    D:12: 1723 daAuts
  Lair:3: 1686 daAuts
Depths:2: 1667 daAuts
  Lair:5: 1525 daAuts
Spider:1: 1469 daAuts
     D:3: 1323 daAuts
     D:6: 1290 daAuts
    D:11: 1275 daAuts
  Lair:4: 1205 daAuts
     D:8: 1170 daAuts
  Lair:2: 1166 daAuts
 Swamp:4: 1165 daAuts
 Swamp:3: 1157 daAuts
  Lair:1: 1149 daAuts
